 Dungeon Crawl Stone Soup version 0.30.1-11-g7821555f0a (webtiles) character file.

Game seed: 434130270301375468

105378 lonewolfV2 the Tortoise (level 16, 0/108 HPs)
             Began as a Formicid Fighter on Dec 8, 2023.
             Was an Elder of Qazlal.
             Slain by a cacodemon (13 damage)
             ... on level 2 of the Abyss.
             The game lasted 00:48:10 (26403 turns).

lonewolfV2 the Tortoise (Formicid Fighter)         Turns: 26403, Time: 00:48:11

Health: 0/108      AC: 30    Str: 30    XL:     16   Next: 95%
Magic:  18/25      EV:  8    Int:  6    God:    Qazlal [****..]
Gold:   1608       SH: 28    Dex: 15    Spells: 15/15 levels left

rFire   . . .        G - +7 battleaxe (freeze)
rCold   + . .        L - +4 kite shield
rNeg    . . .        m - +6 plate armour "Ystefuuv" {Rampage Int-3 Stlth+}
rPois   +            (helmet unavailable)
rElec   .            (no cloak)
rCorr   .            j - +0 pair of gloves
SInv    +            H - +2 pair of boots {Fly}
Will    ++...        d - amulet "Yzaorch" {Reflect rPois SH+5} Stlth
                     e - ring "Cerchikhu" {*Corrode rC+ Slay+5}
HPRegen 0.38/turn    c - +6 ring of strength
MPRegen 0.19/turn

%: corrode self (3%), repel missiles, reflection, rampage
@: flying
A: permanent stasis, dig shafts and tunnels, antennae 3, four strong arms,
strong-willed 1, screaming 1, subdued magic 1, [clumsy 1], [deterioration 2],
[frail 2], [low MP 1], [inability to read after injury 1]
a: Dig, Shaft Self, Renounce Religion, Upheaval, Elemental Force


You were on level 2 of the Abyss.
You worshipped Qazlal.
Qazlal was greatly pleased with you.
You visited 6 branches of the dungeon, and saw 26 of its levels.
You visited the Abyss 1 time.
You also visited: Sewer.

You collected 1998 gold pieces.
You spent 390 gold pieces at shops.

Inventory:

Hand Weapons
 a - a +1 heavy war axe
 G - a +7 battleaxe of freezing (weapon)
Missiles
 E - 3 throwing nets
Armour
 j - a +0 pair of gloves (worn)
 m - the +6 plate armour "Ystefuuv" (worn) {Rampage Int-3 Stlth+}
   (You found it on level 3 of the Dungeon)

   Int:       It affects your intelligence (-3).
   Rampage:   It bestows one free step when moving towards enemies.
   Stlth:     It makes you more stealthy.
 H - a +2 pair of boots of flying (worn)
 L - a +4 kite shield (worn)
Jewellery
 c - a +6 ring of strength (right hand)
 d - the amulet "Yzaorch" (around neck) {Reflect rPois SH+5}
   (You found it on level 8 of the Dungeon)

   [amulet of reflection]

   It reflects blocked missile attacks.
   rPois:     It protects you from poison.
   SH:        It affects your SH (+5).
 e - the ring "Cerchikhu" (left hand) {*Corrode rC+ Slay+5}
   (You acquired it on level 1 of the Dungeon)

   [ring of protection from cold]

   Slay:      It affects your accuracy & damage with ranged weapons and melee
   (+5).
   rC:        It protects you from cold.
   *Corrode:  It may corrode you when you take damage.
 k - an amulet of the acrobat
 l - an amulet of guardian spirit
 q - a +6 ring of dexterity
 t - a ring of wizardry
 v - a ring of positive energy
 D - a ring of willpower
 I - a +5 ring of evasion
 N - an amulet of regeneration
Wands
 o - a wand of roots (12)
 u - a wand of digging (5)
 A - a wand of paralysis (15)
 F - a wand of polymorph (8)
 K - a wand of flame (9)
 O - a wand of mindburst (6)
 R - a wand of light (8)
Scrolls
 h - 9 scrolls of fear
 n - 5 scrolls of silence
 r - 17 scrolls of identify
 x - 3 scrolls of summoning
 y - a scroll of enchant armour
 z - 5 scrolls of magic mapping
 P - 2 scrolls of fog
Potions
 g - 2 potions of flight
 i - a potion of invisibility
 p - 5 potions of attraction
 s - 2 potions of cancellation
 w - 2 potions of brilliance
 B - 2 potions of ambrosia
 C - a potion of resistance
 J - a potion of might
 M - 3 potions of magic
Miscellaneous
 Q - a piece from Xom's chessboard (15/15)


   Skills:
 - Level 15.5 Fighting
 - Level 12.1 Axes
 - Level 18.4 Armour
 * Level 14.3 Shields
 - Level 16.6 Invocations


You had 15 spell levels left.
You didn't know any spells.
Your spell library contained the following spells:

 Spells                   Type           Power      Damage    Failure   Level
 Sublimation of Blood     Necr           0%         N/A       99%         2
 Call Canine Familiar     Summ           0%         N/A       100%        3
 Dazzling Flash           Conj/Hex       0%         N/A       100%        3
 Ignite Poison            Fire/Tmut/Pois 0%         N/A       100%        3
 Portal Projectile        Hex/Tloc       0%         N/A       100%        3
 Summon Guardian Golem    Hex/Summ       0%         N/A       100%        3
 Tukima's Dance           Hex            0%         N/A       100%        3
 Animate Dead             Necr           0%         N/A       100%        4
 Leda's Liquefaction      Hex/Erth       0%         N/A       100%        4
 Petrify                  Tmut/Erth      0%         N/A       100%        4
 Sticky Flame             Conj/Fire      0%         2d3       100%        4
 Summon Ice Beast         Ice/Summ       0%         N/A       100%        4
 Agony                    Necr           0%         N/A       100%        5
 Blade Hands              Tmut           0%         N/A       100%        5
 Irradiate                Conj/Tmut      0%         3d11      100%        5
 Metabolic Englaciation   Hex/Ice        0%         N/A       100%        5
 Silence                  Hex/Air        0%         N/A       100%        5
 Summon Mana Viper        Hex/Summ       0%         N/A       100%        5
 Statue Form              Tmut/Erth      0%         N/A       100%        6
 Haunt                    Necr/Summ      0%         N/A       100%        7
 Monstrous Menagerie      Summ           0%         N/A       100%        7
 Orb of Destruction       Conj           0%         9d5       100%        7
 Spellforged Servitor     Conj/Summ      0%         N/A       100%        7
 Ignition                 Fire           0%         3d3       100%        8
 Infestation              Necr           0%         N/A       100%        8


Dungeon Overview and Level Annotations

Branches:
Dungeon (15/15)            Temple (1/1) D:5            Lair (5/5) D:8
  Swamp (0/4) Lair:2       Spider (2/4) Lair:3        Slime (0/5) Lair:4
    Orc (2/2) D:12            Elf (0/3) Orc:2        Vaults (0/5) D:13
 Depths (1/4) D:15          Sewer (visited)

Altars:
Ashenzari
Cheibriados
Dithmenos
Elyvilon
Fedhas
Gozag
Hepliaklqana
Nemelex Xobeh
Qazlal
Ru
Sif Muna
Trog
Vehumet
Wu Jian
Xom
Yredelemnul
Zin
The Shining One
Jiyva
Lugonu

Shops:
D:2 (?   D:9 ?   D:12 =[(*?   Orc:2 ?([*

Portals:
Abyss: Lair:5
Trove: D:15 (give 14 potions of heal wounds)

Annotations:
D:7 exclusion: statue
D:9 4 transporters
Lair:3 2 transporters
Spider:2 Frances


Innate Abilities, Weirdness & Mutations

You cannot be hasted, slowed, berserked, paralysed or teleported.
You can dig through walls and to a lower floor.
You have a pair of large antennae on your head. (SInv)
Your four strong arms can wield two-handed weapons with a shield.
You are strong-willed. (Will+)
You occasionally shout uncontrollably at your foes.
Your spells are a little easier to cast, but a little less powerful.
[You are clumsy. (Dex -2)]
[Your body often deteriorates upon taking damage.]
[You are very frail. (-20% HP)]
[Your magical capacity is low. (-10% MP)]
[You occasionally lose the ability to read scrolls when taking damage.]


Message History

You hit the vampire but do no damage.
The vampire is heavily damaged.
You hit the flying skull but do no damage.
You block the flying skull's attack. You block the vampire's attack.
The vampire bites you but does no damage.
You slash the vampire! You freeze the vampire.
The vampire is almost destroyed.
You hit the flying skull.
You hear a shout!
You block the flying skull's attack. You block the vampire's attack.
The vampire bites you but does no damage.
The flying skull closely misses you.
You slice the vampire!! You freeze the vampire.
You destroy the vampire!
Qazlal accepts your kill.
You miss the flying skull. You block the flying skull's attack.
You feel your intelligence returning.
Unknown command.
You miss the flying skull.
The flying skull is severely damaged.
You feel your health improve. You block the flying skull's attack. x2
You slash the flying skull!
You destroy the flying skull!
Qazlal accepts your kill.
You start resting.
You sense a monster nearby.
You start resting.
Some rock shatters into small pieces.
A cacodemon comes into view.
A cacodemon is nearby!
A cacodemon is nearby!
A cacodemon is nearby!
A large abomination comes into view.
A sixfirhy comes into view.
The cacodemon gestures at you.
Strange energies course through your body.
You feel the urge to shout.
You rampage towards the cacodemon!
You barely miss the cacodemon. You block the cacodemon's attack.
The cacodemon hits you!
You die...

. .............. .
. #.........# # .
#.........### . # ∩
.#.#....X......## #
#
...#..............
. ..#............#
. #......☼.○......#
.
..∩......§...#...#
.........@#....# .#
...≈..§2..○..# .
........3....#..# .
..
..............#.. .
##.....#∩....##....
. #.#.........#
.#.# .≈...#..#....
.# #... ...#.#..


You could see a cacodemon, a large abomination and a sixfirhy.

Vanquished Creatures
  A tentacled starspawn (Abyss:2)
  2 emperor scorpions
  An orc warlord (Orc:2)
  A stone giant (Depths:1)
  Snorg (Lair:4)
  Fannar (Lair:1)
  2 ice dragons
  Erolcha (Orc:1)
  5 hydras
  2 catoblepae
  2 centaur warriors
  6 two-headed ogres
  2 boulder beetles
  5 death yaks (Lair:3)
  3 deep troll earth magi (Depths:1)
  2 orc high priests (Orc:2)
  3 large abominations (Lair:5)
  2 thrashing horrors (Lair:5)
  Amaemon (Lair:1)
  A skyshark (Lair:3)
  A sixfirhy (Abyss:2)
  2 pharaoh ants (Spider:1)
  An orb spider (Spider:1)
  A deep troll (Depths:1)
  Pikel (D:5)
  6 wizards
  A deep elf pyromancer (D:12)
  A necromancer (D:15)
  4 orc knights (Orc:2)
  2 orc sorcerers (Orc:2)
  2 manticores
  An oklob plant (Lair:1)
  10 ugly things
  2 wolf spiders
  18 elephants
  5 cyclopes
  Maurice (Orc:2)
  An orange demon (Lair:1)
  5 demonic crawlers (Spider:1)
  4 black mambas
  5 centaur zombies
  A torpor snail (Spider:2)
  3 naga magi (D:15)
  2 gargoyles
  5 cane toads
  8 smoke demons
  A kobold demonologist (D:10)
  2 unseen horrors (shapeshifter)
  6 komodo dragons
  3 rime drakes
  A centaur skeleton (D:15)
  3 unseen horrors
  A freezing wraith (D:14)
  An unseen horror zombie (D:10)
  2 efreet (D:15)
  2 ancient zymes
  2 polar bears
  7 trolls
  Prince Ribbit (D:5)
  25 blink frogs
  A meliai zombie (D:10)
  A hornet (D:10)
  4 tarantellas
  7 slime creatures
  4 jumping spiders
  3 flying skulls (Abyss:2)
  43 yaks
  7 culicivoras
  2 spriggans (Lair:5)
  3 vampires
  3 wyverns
  4 shadows
  3 wraiths
  2 ynoxinuls (Lair:5)
  Eustachio (D:5)
  11 humans (D:13)
  4 starcursed masses (Abyss:2)
  9 small abominations (Lair:5)
  4 basilisks
  2 chaos spawn
  15 redbacks
  Menkaure (D:7)
  9 wargs
  7 water moccasins
  2 ice beasts
  37 orc warriors
  A sky beast (D:7)
  A black bear (D:5)
  4 ogres
  11 centaurs
  7 wolves
  2 lemures (D:5)
  2 kobold brigands (Sewer)
  Blork the orc (D:4)
  7 bullfrogs
  4 scorpions
  6 gnoll sergeants
  4 wights (D:7)
  19 killer bees
  2 electric eels
  2 howler monkeys
  2 jellies
  21 orc priests
  A boggart zombie (D:15)
  6 iguanas
  25 orc wizards
  4 sleepcaps
  Natasha (twice) (D:4)
  A boggart simulacrum (D:15)
  27 gnolls
  10 adders
  2 river rats (Sewer)
  3 white imps
  An ufetubus (D:6)
  4 worms
  2 dart slugs
  111 orcs
  13 endoplasms
  4 giant cockroaches
  7 goblins
  4 hobgoblins (D:1)
  4 jackals
  6 kobolds
  3 quokkas
  4 ball pythons
  8 bats
  5 frilled lizards
  8 rats
  A butterfly (Lair:3)
  A lurking horror (Abyss:2)
  A starspawn tentacle (Abyss:2)
747 creatures vanquished.

Vanquished Creatures (collateral kills)
  An orc warlord (Orc:1)
  A hydra (D:15)
  2 wretched stars (Abyss:2)
  A redback (Spider:2)
  5 orc warriors (Orc:1)
  A quasit (Abyss:2)
  An iron imp (Abyss:2)
  An orc wizard (Orc:1)
  3 orcs (Orc:1)
  A starspawn tentacle (Abyss:2)
17 creatures vanquished.

Vanquished Creatures (others)
  A wizard (D:13)
  A blink frog (Lair:5)
  A human (D:13)
  A small abomination (Lair:5)
  A starspawn tentacle (Abyss:2)
5 creatures vanquished.

Grand Total: 769 creatures vanquished

Notes
Turn   | Place    | Note
-------+----------+-------------------------------------------
     0 | D:1      | lonewolfV2 the Formicid Fighter began the quest for the
                  | Orb.
     0 | D:1      | Reached XP level 1. HP: 18/18 MP: 1/1
    51 | D:1      | Reached XP level 2. HP: 20/24 MP: 2/2
   196 | D:1      | Found a faded altar of an unknown god.
   403 | D:1      | Reached XP level 3. HP: 26/30 MP: 3/3
   880 | D:1      | Identified a scroll of acquirement
   880 | D:1      | Acquired the ring "Cerchikhu" {*Corrode rC+ Slay+5}
   995 | D:2      | Reached XP level 4. HP: 37/37 MP: 4/4
  1048 | D:2      | Found Qor Ivie's Magic Scroll Shop.
  1373 | D:2      | Found Cump's Weapon Shoppe.
  1840 | D:3      | Reached XP level 5. HP: 43/43 MP: 5/5
  1844 | D:3      | Reached skill level 5 in Fighting
  1934 | D:3      | Identified the +6 plate armour "Ystefuuv" {Rampage Int-3
                  | Stlth+}
  2451 | D:4      | Reached XP level 6. HP: 51/51 MP: 6/6
  2491 | D:4      | Found a sacrificial altar of Ru.
  2565 | D:4      | Found a basalt altar of Yredelemnul.
  2597 | D:4      | Noticed Blork the orc
  2600 | D:4      | Reached skill level 5 in Axes
  2610 | D:4      | Killed Blork the orc
  2691 | D:4      | Reached XP level 7. HP: 35/57 MP: 7/7
  2982 | D:4      | Noticed Natasha
  2990 | D:4      | Killed Natasha
  3011 | D:4      | Noticed Natasha
  3014 | D:4      | Killed Natasha
  3173 | D:4      | Gained mutation: Your spells are a little easier to cast,
                  | but a little less powerful. [potion of mutation]
  3173 | D:4      | Gained mutation: You are strong-willed. (Will+) [potion of
                  | mutation]
  3189 | D:5      | Entered Level 5 of the Dungeon
  3198 | D:5      | Found a staircase to the Ecumenical Temple.
  3244 | D:5      | Noticed Prince Ribbit
  3260 | D:5      | Killed Prince Ribbit
  3554 | D:5      | Reached XP level 8. HP: 65/65 MP: 8/8
  4119 | D:5      | Found a shadowy altar of Dithmenos.
  4135 | D:5      | Noticed Pikel
  4143 | D:5      | Killed Pikel
  4144 | D:5      | Reached XP level 9. HP: 70/75 MP: 9/9
  4156 | Temple   | Entered the Ecumenical Temple
  4212 | Temple   | Became a worshipper of Qazlal Stormbringer
  4291 | D:5      | Noticed Eustachio
  4298 | D:5      | Killed Eustachio
  5082 | D:6      | Found a glowing drain.
  5097 | Sewer    | Entered a sewer
  5195 | Sewer    | Reached * piety under Qazlal
  5939 | D:6      | Found an opulent altar of Gozag.
  6158 | D:6      | Found a white marble altar of Elyvilon.
  6600 | D:7      | Reached skill level 10 in Fighting
  6641 | D:7      | Reached XP level 10. HP: 70/85 MP: 10/10
  6647 | D:7      | Found a radiant altar of Vehumet.
  6734 | D:7      | Reached skill level 4 in Armour
  6765 | D:7      | Reached skill level 10 in Axes
  6794 | D:7      | Found a flagged portal.
  6819 | D:7      | Reached ** piety under Qazlal
  6823 | D:7      | Reached skill level 5 in Armour
  6823 | D:7      | Reached skill level 5 in Shields
  6839 | D:7      | Noticed Menkaure
  6845 | D:7      | Killed Menkaure
  7009 | D:7      | Reached skill level 6 in Armour
  7494 | D:8      | Reached skill level 1 in Invocations
  7785 | D:8      | Found a staircase to the Lair.
  8008 | D:8      | Noticed a komodo dragon
  8014 | D:8      | Killed a komodo dragon
  8015 | D:8      | Reached skill level 5 in Invocations
  8096 | D:8      | Noticed a cyclops
  8100 | D:8      | Noticed a boulder beetle
  8114 | D:8      | Killed a cyclops
  8122 | D:8      | Reached XP level 11. HP: 25/90 MP: 14/16
  8127 | D:8      | Killed a boulder beetle
  8439 | D:8      | Identified the amulet "Yzaorch" {Reflect rPois SH+5}
  8455 | D:8      | Identified the +1 flail "Trog's Vengeance" {venom, rF++}
  9029 | D:9      | Reached skill level 7 in Armour
  9097 | D:9      | Noticed a two-headed ogre
  9102 | D:9      | Killed a two-headed ogre
  9103 | D:9      | Reached skill level 10 in Invocations
  9181 | D:9      | Reached skill level 8 in Armour
  9182 | D:9      | Reached *** piety under Qazlal
  9256 | D:9      | Found a transporter.
  9258 | D:9      | Found a transporter.
  9260 | D:9      | Found a transporter.
  9348 | D:9      | Found a transporter.
  9412 | D:9      | Found a blossoming altar of Fedhas.
  9430 | D:9      | Found Xoowouw's Magic Scroll Boutique.
  9439 | D:9      | Bought a scroll of enchant weapon for 105 gold pieces
  9439 | D:9      | Bought a scroll of enchant weapon for 105 gold pieces
  9714 | D:10     | Entered Level 10 of the Dungeon
  9810 | D:10     | Reached skill level 9 in Armour
  9817 | D:10     | Noticed a two-headed ogre
  9827 | D:10     | Killed a two-headed ogre
  9828 | D:10     | Reached XP level 12. HP: 96/97 MP: 20/20
  9856 | D:10     | Reached skill level 10 in Armour
  9871 | D:10     | Reached **** piety under Qazlal
  9958 | D:10     | Identified the +1 robe of Paunot {Int+2 Dex-4 Slay+3}
 10118 | D:10     | Identified the +0 leather armour of the Charred Stag {Fly
                  | rF- rC+ rCorr}
 10484 | D:11     | Reached skill level 11 in Armour
 10649 | D:11     | Noticed a two-headed ogre
 10657 | D:11     | Killed a two-headed ogre
 11650 | D:12     | Found Cyaliech's Antique Armour Emporium.
 11656 | D:12     | Bought a pair of glowing boots for 180 gold pieces
 11711 | D:12     | Reached skill level 12 in Armour
 12303 | D:12     | Found Woxuept's Assorted Antiques.
 12346 | D:12     | Found Seom's Magic Scroll Shop.
 12458 | D:12     | Found Hyivoiw's Weapon Shop.
 12528 | D:12     | Reached XP level 13. HP: 103/103 MP: 22/22
 12586 | D:12     | Reached ***** piety under Qazlal
 12621 | D:12     | Found a staircase to the Orcish Mines.
 12901 | D:12     | Found Iladie's Jewellery Shoppe.
 13735 | D:13     | Reached skill level 10 in Shields
 13769 | D:13     | Found a gate to the Vaults.
 14139 | D:14     | Noticed an ice dragon
 14157 | D:14     | Killed an ice dragon
 14443 | D:14     | Found a sparkling altar of Nemelex Xobeh.
 14739 | D:14     | Noticed a centaur warrior
 14746 | D:14     | Killed a centaur warrior
 14861 | D:14     | Acquired a manual of Armour
 14864 | D:15     | Entered Level 15 of the Dungeon
 14864 | D:15     | Noticed a centaur warrior
 14870 | D:15     | Killed a centaur warrior
 15043 | D:15     | Noticed an eight-headed hydra
 15048 | D:15     | Killed an eight-headed hydra
 15388 | D:15     | Reached XP level 14. HP: 100/113 MP: 24/24
 15616 | D:15     | Found a portal to a secret trove of treasure.
 15925 | D:15     | Found a staircase to the Depths.
 16345 | Lair:1   | Entered Level 1 of the Lair of Beasts
 16345 | Lair:1   | Noticed Fannar
 16352 | Lair:1   | Noticed Amaemon
 16356 | Lair:1   | Killed Fannar
 16364 | Lair:1   | Reached skill level 15 in Invocations
 16365 | Lair:1   | Killed Amaemon
 16678 | Lair:1   | Found a bloodstained altar of Trog.
 16686 | Lair:1   | Reached skill level 13 in Armour
 17153 | Lair:2   | Reached skill level 14 in Armour
 17233 | Lair:2   | Found a staircase to the Swamp.
 17345 | Lair:2   | Reached skill level 15 in Armour
 17900 | Lair:3   | Reached skill level 16 in Armour
 17933 | Lair:3   | Reached skill level 17 in Armour
 17937 | Lair:3   | Reached XP level 15. HP: 69/122 MP: 26/26
 18147 | Lair:3   | Found a transporter.
 18148 | Lair:3   | Found a transporter.
 18192 | Lair:3   | Identified the +1 leather armour of the Armadillo {Fly
                  | Str+2 Int+6 SInv}
 18527 | Lair:3   | Found a hole to the Spider Nest.
 18548 | Lair:3   | Reached ****** piety under Qazlal
 18549 | Lair:3   | Reached skill level 18 in Armour
 18925 | Lair:4   | Noticed Snorg
 18935 | Lair:4   | Killed Snorg
 19769 | Lair:4   | Found a viscous altar of Jiyva.
 19769 | Lair:4   | Found a staircase to the Slime Pits.
 19834 | Lair:5   | Entered Level 5 of the Lair of Beasts
 21213 | Lair:5   | Found a corrupted altar of Lugonu.
 21213 | Lair:5   | Found a one-way gate to the infinite horrors of the Abyss.
 21617 | Orc:1    | Entered Level 1 of the Orcish Mines
 21617 | Orc:1    | Noticed Erolcha
 21622 | Orc:1    | Killed Erolcha
 21760 | Orc:1    | Noticed an orc warlord
 21771 | Orc:1    | Reached XP level 16. HP: 130/130 MP: 23/28
 22126 | Orc:2    | Entered Level 2 of the Orcish Mines
 22151 | Orc:2    | Noticed Maurice
 22159 | Orc:2    | Killed Maurice
 22613 | Orc:2    | Found Wymenuus's Magic Scroll Emporium.
 22651 | Orc:2    | Found a staircase to the Elven Halls.
 22664 | Orc:2    | Found a bloodstained altar of Trog.
 23391 | Orc:2    | Found Folug's Antique Weapon Shop.
 23396 | Orc:2    | Found Quinna's Antique Armour Boutique.
 23459 | Orc:2    | Found Apraqu's Assorted Antiques.
 24013 | Depths:1 | Entered Level 1 of the Depths
 24795 | Spider:1 | Entered Level 1 of the Spider Nest
 24913 | Spider:1 | Reached skill level 15 in Fighting
 25974 | Spider:1 | Noticed an emperor scorpion
 25983 | Spider:1 | Killed an emperor scorpion
 26204 | Spider:2 | Noticed Frances
 26204 | Spider:2 | Noticed an emperor scorpion
 26219 | Spider:2 | Killed an emperor scorpion
 26221 | Spider:2 | HP: 5/136 [Frances/+2 glaive of distortion (17)]
 26221 | Abyss:2  | Cast into level 2 of the Abyss (Frances)
 26301 | Abyss:2  | HP: 3/136 [starcursed mass/accursed screaming (8)]
 26362 | Abyss:2  | Noticed a tentacled starspawn
 26369 | Abyss:2  | Killed a tentacled starspawn
 26402 | Abyss:2  | Gained mutation: You occasionally shout uncontrollably at
                  | your foes. [a cacodemon]
 26403 | Abyss:2  | Slain by a cacodemon

Illustrated notes

Levels and vault maps discovered:
D:1:      lightli_arrival_statue_moat, layout_basic, basic_ecumenical_altar,
          grunt_decor_junction
D:2:      minmay_recursive_quarters, layout_basic, serial_shops,
          nicolae_shop_stone, nicolae_diamond_shop,
          nicolae_kite_square_tiling_tiny
D:3:      layout_basic, hex_intersection, nrook_uturn
D:4:      layout_rooms, nicolae_overflow_hidden_temple,
          mainiacjoe_overflow_paths, uniq_blork_the_orc, uniq_natasha
D:5:      layout_basic, nicolae_dithmenos_shadow_blocks,
          minmay_temple_entry_waves, uniq_eustachio, uniq_prince_ribbit1,
          uniq_pikel
D:6:      layout_loops_cross, mainiacjoe_overflow_chevrons,
          nicolae_gozag_cash_rules_everything_around_me,
          cheibrodos_sewer_entry_bend
D:7:      layout_basic, vehumet_statue, enter_bailey_3, lightli_orcish_oven,
          uniq_menkaure
D:8:      layout_layer_cave, dpeg_oklobed_lair, minmay_radiant
D:9:      layout_gridville, kennysheep_mini_moat, serial_shops, shop,
          nicolae_diode_quadrants
D:10:     layout_basic, serial_undead, serial_undead_f, serial_undead_f,
          serial_undead_a, serial_undead_c
D:11:     layout_loops_ring
D:12:     layout_basic, david_orc_1_choice, serial_shops,
          nicolae_shop_real_fake_doors, nicolae_stop_n_shop_2,
          kennysheep_little_box, shop, shop
D:13:     minmay_wizard_corner, layout_cave_pools, ximxim_vaults_locker_room
D:14:     layout_rooms, nemelex_altar_shiori
D:15:     grunt_enter_depths_magical_seal, layout_cave_pods, enter_trove_3,
          chequers_serial_rivers_room_a, abandoned_shop
Temple:   nicolae_temple_superstar
Lair:1:   layout_long_grid, lemuel_oklob_altar, grunt_megastairs_4,
          uniq_amaemon, uniq_fannar
Lair:2:   layout_gridlike, swamp_mist, chequers_serial_rivers_small_3,
          st_stairs_5
Lair:3:   gammafunk_boulding_lane, layout_gridlike,
          hellmonk_spider_entry_life_and_decay, lemuel_fruit_fields
Lair:4:   layout_loops_ring, dpeg_slime_entry_corner, uniq_snorg
Lair:5:   hellmonk_lair_end_abyssal_woods, layout_loops_ring, fungi_pond_lemuel,
          eino_small_chamber_without_monster
Spider:1: layout_spider_delve, nicolae_spider_spiderdrome,
          hangedman_spider_tarantella_strand
Spider:2: layout_spider_delve, gammafunk_ghost_split, uniq_arachne, uniq_nikola,
          uniq_frances
Orc:1:    layout_caves, nicolae_orc_lava_room, uniq_erolcha
Orc:2:    grunt_orc_community_town_hall, layout_caves,
          grunt_orc_community_big_house_1, grunt_orc_community_big_house_1,
          grunt_orc_community_house_2, grunt_orc_community_house_3,
          grunt_orc_community_house_2, grunt_orc_community_house_1,
          grunt_orc_community_house_2, grunt_orc_community_house_1, basic_altar,
          uniq_maurice
Depths:1: layout_basic, hellmouth_3, nicolae_abyss_entry_one_way_or_another,
          nicolae_hepliaklqana_ecumenical_no_more, minmay_shoptagon,
          serial_bayou_shore_b
Abyss:2:  base:
Lair:1

Skill      XL: |  1  2  3  4  5  6  7  8  9 10 11 12 13 14 15 16 |
---------------+-------------------------------------------------+-----
Fighting       | 4 5 6 8 10 11 12 13 15 | 15.5
Axes           | 3 4 5 6 8 9 10 12 | 12.1
Armour         | 6 9 12 17 18 | 18.4
Shields        | 6 8 12 14 | 14.3
Invocations    | 7 10 12 14 15 16 | 16.6

Action                     |  1- 3 |  4- 6 |  7- 9 | 10-12 | 13-15 | 16-18 || total
---------------------------+-------+-------+-------+-------+-------+-------++-------
  Melee: War axe           |    67 |    93 |   183 |   259 |       |       ||   602
         Battleaxe         |       |       |       |    87 |   532 |   334 ||   953
 Invoke: Elemental Force   |       |       |       |       |     3 |     6 ||     9
         Upheaval          |       |       |       |       |     2 |     3 ||     5
         Disaster Area     |       |       |       |       |       |     3 ||     3
Ability: Dig               |       |       |       |     1 |       |     1 ||     2
  Evoke: Wand              |       |       |       |     3 |     2 |       ||     5
    Use: Scroll            |     4 |     3 |    18 |     1 |     3 |     7 ||    36
         Potion            |       |       |     5 |     6 |     2 |     8 ||    21
   Stab: Invisible         |       |       |       |       |       |     2 ||     2
 Armour: Scale mail        |    51 |       |       |       |       |       ||    51
         Chain mail        |     4 |    31 |       |       |       |       ||    35
         Plate armour      |       |    33 |   103 |   174 |   292 |   159 ||   761
  Dodge: Dodged            |    45 |    32 |   118 |   190 |   141 |    81 ||   607
         Repelled          |       |       |       |     2 |     4 |       ||     6
  Block: Buckler           |    27 |    23 |    62 |   378 |    56 |       ||   546
         Reflection        |       |       |       |    21 |    20 |    12 ||    53
         Kite shield       |       |       |       |       |   803 |   515 ||  1318
